 Dungeon Crawl Stone Soup version 0.24-a0-524-gf43b32f898 (webtiles) character file.

Game seed: 5401046530165758069

2116 Flugkiller the Cutter (level 9, 0/62 HPs)
             Began as an Octopode Assassin on July 31, 2019.
             Was a Follower of Uskayaw.
             Slain by a hippogriff (7 damage)
             ... on level 7 of the Dungeon.
             The game lasted 00:14:49 (8601 turns).

Flugkiller the Cutter (Octopode Assassin)           Turns: 8601, Time: 00:14:50

Health: 0/62       AC:  1    Str: 10    XL:     9   Next: 29%
Magic:  6/9        EV: 15    Int: 13    God:    Uskayaw [*.....]
Gold:   516        SH:  9    Dex: 17    Spells: 8/8 levels left

rFire    . . .     SeeInvis .   k - +2 short sword (elec)
rCold    . . .     Gourm    .   e - +0 shield
rNeg     + . .     Faith    .   (helmet restricted)
rPois    .         Spirit   .   (no amulet)
rElec    .         Reflect  .   n - ring of positive energy
rCorr    .         Harm     .   s - ring of wizardry
MR       .....                  g - ring of attention (curse)
Stlth    +++.......             (no ring)
HPRegen  0.20/turn              (no ring)
MPRegen  0.11/turn              (no ring)
                                (no ring)
                                (no ring)

@: no status effects
A: almost no armour, stealthy swim, amphibious, 8 rings, constrict 8, camouflage
1, gelatinous body 1
a: Stomp, Renounce Religion


You were on level 7 of the Dungeon.
You worshipped Uskayaw.
Uskayaw was noncommittal.
You were not hungry.

You visited 2 branches of the dungeon, and saw 8 of its levels.

You collected 516 gold pieces.

Inventory:

Hand Weapons
 a - a +2 dagger
 k - a +2 short sword of electrocution (weapon)
   (You found it on level 2 of the Dungeon)
Missiles
 b - 18 poisoned darts (quivered)
 c - 2 curare-tipped darts
Armour
 e - a +0 shield (worn)
   (You found it on level 3 of the Dungeon)
Jewellery
 g - a cursed ring of attention (on tentacle)
   (You found it on level 5 of the Dungeon)
 n - a ring of positive energy (left tentacle)
   (You found it on level 4 of the Dungeon)
 s - a ring of wizardry (right tentacle)
   (You found it on level 5 of the Dungeon)
 v - an uncursed ring of protection from cold
   (You took it off a gnoll on level 7 of the Dungeon)
Wands
 r - a wand of acid (1)
   (You found it on level 4 of the Dungeon)
 y - a wand of random effects (24)
   (You took it off a crimson imp on level 7 of the Dungeon)
Scrolls
 f - a scroll of teleportation
 i - a scroll of amnesia
 j - 2 scrolls of blinking
 l - a scroll of enchant armour {unknown}
 t - 2 scrolls of remove curse
Potions
 h - 2 potions of brilliance
 m - 3 potions of cancellation
 o - a potion of magic
 p - a potion of invisibility
 q - a potion of lignification
 u - a potion of heal wounds {unknown}
 w - a potion of agility {unknown}
 x - 2 potions of haste
Comestibles
 d - 10 rations
 z - a chunk of flesh


   Skills:
 - Level 6.0 Fighting
 + Level 7.1 Short Blades
 - Level 2.0 Throwing
 + Level 6.9 Dodging
 - Level 5.3 Stealth
 + Level 3.6 Shields


You had 8 spell levels left.
You didn't know any spells.
Your spell library contained the following spells:

 Spells                   Type           Power        Failure   Level  Hunger
 Magic Dart               Conj           #...         45%         1    ##.....
 Blink                    Tloc           N/A          58%         2    ###....
 Call Imp                 Summ           #.......     58%         2    ###....
 Slow                     Hex            #.......     58%         2    ###....
 Conjure Flame            Conj/Fire      #.......     82%         3    ####...
 Mephitic Cloud           Conj/Pois/Air  #.......     82%         3    ####...


Dungeon Overview and Level Annotations

Branches:
Dungeon (7/15)             Temple (1/1) D:6

Altars:
Ashenzari
Elyvilon
Fedhas
Kikubaaqudgha
Makhleb
Nemelex Xobeh
Okawaru
Qazlal
Ru
Sif Muna
Trog
Uskayaw
Vehumet
Wu Jian
Yredelemnul
Zin

Shops:
D:5 [

Annotations:
D:3 2 transporters, 1 runed translucent door, Crazy Yiuf
D:5 exclusion: ice beast
D:6 exclusion: 2 downstairs


Innate Abilities, Weirdness & Mutations

You cannot wear most types of armour.
You are very stealthy in the water. (Stealth+)
You are amphibious.
You can wear up to eight rings at the same time.
You can use your tentacles to constrict eight enemies at once.
Your skin changes colour to match your surroundings (Stealth+).
Your rubbery body absorbs attacks. (AC +1, EV +1)


Message History

A hippogriff is nearby!
You hit the hippogriff.
The hippogriff is lightly wounded.
The hippogriff bites you.
The hippogriff pecks you but does no damage.
The hippogriff closely misses you.
You hit the hippogriff but do no damage.
Lightning courses through the hippogriff!!
Your squeeze misses the hippogriff.
The hippogriff is heavily wounded.
You block the hippogriff's attack. The hippogriff pecks you!
The hippogriff completely misses you.
You barely miss the hippogriff.
The hippogriff is heavily wounded.
The hippogriff closely misses you. You block the hippogriff's attack.
The hippogriff barely misses you.
You hit the hippogriff.
The hippogriff is heavily wounded.
The hippogriff misses you. The hippogriff pecks you. The hippogriff claws you!
You hit the hippogriff but do no damage.
Your squeeze misses the hippogriff.
The hippogriff is heavily wounded.
The hippogriff bites you!
* * * LOW HITPOINT WARNING * * *
The hippogriff misses you. x2
Your shield prevents you from hitting the hippogriff.
The hippogriff is heavily wounded.
The hippogriff barely misses you. The hippogriff closely misses you.
The hippogriff claws you!
* * * LOW HITPOINT WARNING * * *
Okay, then.
You stomp with the beat, sending a shockwave through the revelers around you!
The hippogriff is severely wounded.
You feel somewhat more hungry.
You can no longer stomp with the beat.
The hippogriff bites you!
* * * LOW HITPOINT WARNING * * *
The hippogriff barely misses you. The hippogriff claws you.
* * * LOW HITPOINT WARNING * * *
You can now stomp with the beat.
Evoke which item? (* to show all) (? for menu, Esc to quit)
Aiming: Corrosive Bolt
Press: ? - help, Shift-Dir - straight line, f - hippogriff
Aim: a hippogriff (heavily wounded)
The bolt of acid hits the hippogriff!
The hippogriff is splashed with acid.
The hippogriff is almost dead.
The hippogriff bites you.
* * * LOW HITPOINT WARNING * * *
The hippogriff pecks you!
You die...

#.#.#.#...#
#.##
#.#.#####>#
#.# #.#.. #.#
#.## ##'###
#)# #...
#....# #)#
#### #....+
#[# #....#
#.#########
#....#
#.#...[....
#..@.#
#.#........
#..H.#
#.#........
#....#
###.#........
#....#
#...#........
#....#
#..('........
#....#
#...#...<....
######
#...#........
#...#........
#####.......(


You could see a hippogriff.

Vanquished Creatures
  Sigmund (D:3)
  Duvessa (D:6)
  2 orc warriors
  An ice beast (D:7)
  A black bear (D:6)
  An ogre (D:4)
  4 centaurs
  A big kobold (D:7)
  2 bullfrogs (D:6)
  Dowan (D:6)
  A howler monkey (D:4)
  2 crimson imps
  A centaur zombie (D:5)
  A quasit (D:5)
  4 orc priests
  A bullfrog skeleton (D:5)
  3 hounds
  3 orc wizards
  4 worker ants
  3 gnolls (D:7)
  7 adders
  4 shadow imps
  An ooze (D:2)
  4 worms
  2 dart slugs (D:3)
  6 leopard geckos
  17 orcs
  2 ball pythons
  9 bats
  4 giant cockroaches
  5 goblins
  9 hobgoblins
  14 jackals
  11 kobolds
  A quokka (D:6)
  8 frilled lizards
  A leopard gecko skeleton (D:7)
  A leopard gecko zombie (D:5)
  A quokka zombie (D:6)
  8 rats
153 creatures vanquished.

Vanquished Creatures (others)
  An ogre (D:5)
  A worker ant (D:6)
  An adder (D:5)
  A leopard gecko (D:5)
4 creatures vanquished.

Grand Total: 157 creatures vanquished

Notes
Turn   | Place    | Note
-------+----------+-------------------------------------------
     0 | D:1      | Flugkiller the Octopode Assassin began the quest for the
                  | Orb.
     0 | D:1      | Reached XP level 1. HP: 14/14 MP: 1/1
   431 | D:1      | Reached XP level 2. HP: 16/19 MP: 2/2
   946 | D:1      | Reached XP level 3. HP: 25/25 MP: 3/3
  1797 | D:2      | Reached XP level 4. HP: 30/30 MP: 4/4
  2455 | D:3      | Found a transporter.
  2514 | D:3      | Reached skill level 3 in Short Blades
  3007 | D:3      | Found a runed translucent door.
  3008 | D:3      | Noticed Crazy Yiuf
  3062 | D:3      | Reached XP level 5. HP: 36/36 MP: 5/5
  3339 | D:3      | Found a transporter.
  3405 | D:3      | Noticed Sigmund
  3415 | D:3      | Killed Sigmund
  3415 | D:3      | Reached skill level 4 in Short Blades
  3415 | D:3      | Reached XP level 6. HP: 20/43 MP: 6/6
  3753 | D:3      | Found a blossoming altar of Fedhas.
  4276 | D:4      | Reached XP level 7. HP: 43/49 MP: 7/7
  4740 | D:5      | Entered Level 5 of the Dungeon
  5266 | D:5      | Found Diliotec's Antique Armour Emporium.
  5377 | D:5      | Reached skill level 5 in Fighting
  5377 | D:5      | Reached skill level 5 in Short Blades
  5851 | D:6      | Reached skill level 5 in Dodging
  5851 | D:6      | Reached XP level 8. HP: 35/55 MP: 8/8
  6136 | D:6      | Found a staircase to the Ecumenical Temple.
  6239 | Temple   | Entered the Ecumenical Temple
  6279 | Temple   | Became a worshipper of Uskayaw the Reveler
  6367 | D:6      | Reached * piety under Uskayaw
  6772 | D:6      | Reached ** piety under Uskayaw
  6832 | D:6      | Found a bloodstained altar of Trog.
  6832 | D:6      | Found a sparkling altar of Nemelex Xobeh.
  6833 | D:6      | Found a burning altar of Makhleb.
  6895 | D:6      | Reached skill level 6 in Short Blades
  6896 | D:6      | Noticed Duvessa
  7022 | D:6      | Noticed Dowan
  7023 | D:6      | Killed Dowan
  7390 | D:6      | Found a staircase to the Ecumenical Temple.
  7442 | D:6      | Killed Duvessa
  7442 | D:6      | Reached skill level 1 in Shields
  7778 | D:7      | Reached *** piety under Uskayaw
  7779 | D:7      | Reached **** piety under Uskayaw
  7926 | D:7      | Reached XP level 9. HP: 45/62 MP: 9/9
  8252 | D:7      | Reached skill level 7 in Short Blades
  8561 | D:7      | Found a white marble altar of Elyvilon.
  8601 | D:7      | Slain by a hippogriff

Levels and vault maps discovered:
D:1:      dpeg_arrival_shrine, layout_rooms, st_stairs_4, serial_bayou_pond_d
D:2:      layout_basic, dk_noncrumbling_3
D:3:      gammafunk_steamed_eel, layout_basic, fedhas_altar_4,
          minmay_fractal_squares_5, uniq_crazy_yiuf_cottage, uniq_sigmund
D:4:      layout_rooms, first_ration
D:5:      layout_basic, serial_shops, shop, grunt_decor_fettered,
          hex_intersection, lemuel_flamethrower_2
D:6:      layout_basic, gammafunk_temple_overflow_claw, temple_doors_ab,
          serial_curves, eino_curves_04, eino_curves_01, eino_curves_04,
          lemuel_another_geyser, uniq_duvessa
D:7:      layout_basic, basic_altar
Temple:   eino_narrow_crystal_temple

Skill      XL: |  1  2  3  4  5  6  7  8  9 |
---------------+----------------------------+-----
Dodging        | 2 3 4 5 6 |  6.9
Fighting       | 3 4 5 6 |  6.0
Short Blades   | 3 4 5 6 7 |  7.1
Shields        | 2 3 |  3.6
Throwing       | |  2.0
Stealth        | |  5.3

Action                   |  1- 3 |  4- 6 |  7- 9 || total
-------------------------+-------+-------+-------++-------
Melee: Dagger            |    97 |    70 |       ||   167
       Constrict         |    23 |    20 |    37 ||    80
       Tentacles         |    13 |    11 |    35 ||    59
       Short sword       |       |    15 |   174 ||   189
Throw: Dart              |       |    10 |    21 ||    31
Invok: Stomp             |       |       |     1 ||     1
Evoke: Wand              |       |       |     2 ||     2
  Use: Scroll            |       |     9 |     4 ||    13
       Potion            |       |     3 |       ||     3
 Stab: Sleeping          |     9 |     9 |    11 ||    29
       Distracted        |     1 |     1 |     1 ||     3
       Paralysed         |       |       |     2 ||     2
  Eat: Chunk             |     3 |     7 |    14 ||    24
Armor: Skin              |     5 |     3 |    16 ||    24
Dodge: Dodged            |    65 |    26 |    96 ||   187
Block: Shield            |       |    17 |    48 ||    65

Table legend:
 A = Non-vault XP
 B = Vault XP
 C = Vault XP percentage of total XP
 D = Non-vault monster count
 E = Vault monster count
 F = Vault count percentage of total count
                 A         B        C        D         E       F
            +---------+---------+-------+---------+---------+-------
      Total |    2575 |     449 |  14.8 |     146 |       7 |   4.6
            +---------+---------+-------+---------+---------+-------
        D:1 |      46 |       3 |   6.1 |      28 |       2 |   6.7
        D:2 |      46 |       0 |   0.0 |      20 |       0 |   0.0
        D:3 |     141 |     232 |  62.2 |      22 |       3 |  12.0
        D:4 |     322 |       0 |   0.0 |      12 |       0 |   0.0
        D:5 |     262 |       0 |   0.0 |      15 |       0 |   0.0
        D:6 |     792 |     214 |  21.3 |      25 |       2 |   7.4
        D:7 |     966 |       0 |   0.0 |      24 |       0 |   0.0
            +---------+---------+-------+---------+---------+-------
